 Dungeon Crawl Stone Soup version 0.16.2-2-g470672f (webtiles) character file.

272 monobi the Insei (level 6, -5/43 HPs)
             Began as an Octopode Monk on Sept 3, 2015.
             Slain by a gnoll
             ... wielding a +0 spear
              (9 damage)
             ... on level 3 of the Dungeon.
             The game lasted 00:07:43 (2914 turns).

monobi the Insei (Octopode Monk)                    Turns: 2914, Time: 00:07:43

Health: -5/43      AC:  5    Str: 10    XL:     6   Next: 23%
Magic:  6/6        EV: 13    Int: 12    God:
Gold:   165        SH:  4    Dex: 17    Spells: 0 memorised, 5 levels left

rFire  . . .     SeeInvis .       - Unarmed
rCold  . . .     Clarity  .     j - +0 buckler
rNeg   . . .     SustAb   .     m - +2 hat
rPois  .         Gourm    .     (no amulet)
rElec  .         Spirit   .     l - +2 ring of protection
rCorr  .         Warding  .     (no ring)
rMut   .         Stasis   .     (no ring)
MR     .....                    (no ring)
Stlth  ++++......               (no ring)
                                (no ring)
                                (no ring)
                                (no ring)

@: not resistant to hostile enchantments, stealthy
A: almost no armour, amphibious, 8 rings, constrict 8, camouflage 1, gelatinous
body 1
a: no special abilities


You were on level 3 of the Dungeon.
You were very hungry.

You visited 1 branch of the dungeon, and saw 3 of its levels.

You collected 165 gold pieces.

Inventory:

Armour
 j - a +0 buckler (worn)
 m - a +2 hat (worn)
 p - a cursed +0 shield
Jewellery
 l - a +2 ring of protection (left tentacle)
Scrolls
 c - a scroll of fear {unknown}
 d - 2 scrolls of remove curse {unknown}
 e - 6 scrolls of identify {unknown}
 f - a scroll of magic mapping {unknown}
 h - a scroll of teleportation {unknown}
 i - 3 scrolls of fog {unknown}
 k - 2 scrolls of recharging {unknown}
Potions
 a - 3 potions of curing {unknown}
 g - a potion of might {unknown}
 n - a potion of poison {unknown}
Comestibles
 b - 4 bread rations
 o - 3 fruits
 q - 3 meat rations


   Skills:
 + Level 3.7 Fighting
 + Level 3.6 Dodging
 * Level 5.2 Stealth
 + Level 1.1 Shields
 * Level 5.5 Unarmed Combat


You had 5 spell levels left.
You didn't know any spells.

Dungeon Overview and Level Annotations

Branches:
Dungeon (3/15)

Altars:
Ashenzari
Dithmenos
Elyvilon
Okawaru
Qazlal
Trog
Yredelemnul


Innate Abilities, Weirdness & Mutations

You cannot wear most types of armour.
You are amphibious.
You can wear up to eight rings at the same time.
You can use your tentacles to constrict many enemies at once.
Your skin changes colour to match your surroundings (Stealth).
Your rubbery body absorbs attacks (AC +1).


Message History

A gnoll sergeant is nearby!
A gnoll sergeant is nearby!
A gnoll sergeant is nearby!
A gnoll sergeant is nearby!
You start resting.
The gnoll sergeant hits you but does no damage.
You start resting.
The gnoll sergeant hits you from afar with a spear of piercing.
* * * LOW HITPOINT WARNING * * *
x2 You start resting.
The goblin shouts!
A bat is nearby!
A bat is nearby!
Sorry, you're not good enough to have a special ability.
You don't know any spells.
The gnoll hits you with a spear!
* * * LOW HITPOINT WARNING * * *
You block the gnoll's attack.
The gnoll hits you from afar with a spear!
You die...

#.#.≈≈≈....#
#.#.≈≈≈....#
#.#.≈≈≈....#
.#.≈≈≈....#
.#.≈≈≈..P.# #+#
##g#.≈≈≈....# ^.#
g#.#.≈≈≈....# !.#
g.#.≈≈≈....# ..#
#g###≈≈...@#
#######...#≈≈P...#
......#...#≈≈.g..#
≈≈≈≈≈≈#####≈≈....#
≈≈≈≈≈≈≈≈≈≈≈≈≈....#
≈≈≈≈≈≈≈≈≈≈≈≈≈...P#
.................#
.####....#########
......####


You could see a gnoll.

Vanquished Creatures
  An orc priest (D:3)
  2 gnoll shamans (D:3)
  3 adders (D:2)
  7 gnolls
  A worm (D:2)
  2 giant geckos
  2 orcs (D:3)
  A giant cockroach (D:1)
  6 hobgoblins
  20 jackals
  3 quokkas
  6 bats
  4 giant newts
  7 goblins
  13 kobolds
  9 rats
87 creatures vanquished.

Notes
Turn   | Place    | Note
--------------------------------------------------------------
     0 | D:1      | monobi, the Octopode Monk, began the quest for the Orb.
     0 | D:1      | Reached XP level 1. HP: 16/16 MP: 1/1
   107 | D:1      | Reached XP level 2. HP: 15/21 MP: 2/2
   345 | D:1      | HP: 1/21 [poisoned by a kobold]
   984 | D:1      | Reached XP level 3. HP: 26/26 MP: 3/3
  1337 | D:2      | Reached XP level 4. HP: 22/31 MP: 4/4
  1725 | D:2      | Found a shattered altar of Ashenzari.
  1726 | D:2      | Found a basalt altar of Yredelemnul.
  1727 | D:2      | Found a shadowy altar of Dithmenos.
  1733 | D:2      | Found a stormy altar of Qazlal.
  1736 | D:2      | Found an iron altar of Okawaru.
  1737 | D:2      | Found a bloodstained altar of Trog.
  1820 | D:2      | Reached skill level 5 in Unarmed Combat
  2270 | D:3      | Reached XP level 5. HP: 36/36 MP: 5/5
  2298 | D:3      | Found a white marble altar of Elyvilon.
  2383 | D:3      | Reached skill level 5 in Stealth
  2623 | D:3      | Reached XP level 6. HP: 33/42 MP: 6/6
  2627 | D:3      | Reached skill level 1 in Shields
  2816 | D:3      | Noticed a gnoll sergeant
  2826 | D:3      | HP: 1/43 [gnoll sergeant/spear of piercing (2)]
  2849 | D:3      | HP: 2/43 [gnoll sergeant/spear of piercing (1)]
  2899 | D:3      | HP: 2/43 [gnoll/spear (7)]
  2914 | D:3      | Slain by a gnoll

Action                   |  1- 3 |  4- 6 || total
-------------------------+-------+-------++-------
Melee: Unarmed           |    70 |   119 ||   189
 Stab: Sleeping          |     7 |     9 ||    16
       Distracted        |       |     1 ||     1
  Eat: Meat ration       |     1 |       ||     1
